[Event "ICC tourney 2552 (3 2)"]
[Site "Internet Chess Club"]
[Date "2021.05.07"]
[Round "4"]
[White "BHATT, KRISH:K03-16675624"]
[Black "MANAV, RAYHAN:K06-30167023"]
[Result "0-1"]
[ICCResult "White forfeits on time"]
[WhiteElo "1193"]
[BlackElo "1400"]
[Opening "Petrov three knights game"]
[ECO "C42"]
[NIC "RG.01"]
[Time "19:15:56"]
[PlyCount "38"]
[TimeControl "180+2"]

1. e4 e5 2. Nf3 Nf6 3. Nc3 Bc5 4. d3 Nc6 5. Bg5 h6 6. Bxf6 gxf6 7. d4 exd4
8. Nxd4 Nxd4 9. Nd5 c6 10. Ne3 f5 11. exf5 Rg8 12. Bd3 Rg5 13. O-O d5 14.
f6 Qxf6 15. f3 Be6 16. f4 Rg7 17. f5 Bxf5 18. Nxf5 Rg4 19. h3 Rg8 { White
forfeits on time } 0-1

[Event "ICC tourney 2552 (3 2)"]
[Site "Internet Chess Club"]
[Date "2021.05.07"]
[Round "4"]
[White "KUO, DECLAN:K05-16624125"]
[Black "SINHA, AANYA:K01-30168307"]
[Result "1-0"]
[ICCResult "Black forfeits on time"]
[WhiteElo "1400"]
[BlackElo "1400"]
[Opening "Sicilian defense"]
[ECO "B27"]
[NIC "SI.43"]
[Time "19:15:41"]
[PlyCount "31"]
[TimeControl "180+2"]

1. e4 c5 2. Nf3 d5 3. exd5 Qxd5 4. Nc3 Qd8 5. Bc4 f6 6. d3 e5 7. O-O Be7 8.
Be3 Nh6 9. Bxh6 gxh6 10. Qd2 e4 11. Qxh6 exf3 12. g3 f5 13. Rfe1 Be6 14.
Qxe6 f4 15. Bb5+ Kf8 16. Nd5 { Black forfeits on time } 1-0

[Event "ICC tourney 2552 (3 2)"]
[Site "Internet Chess Club"]
[Date "2021.05.07"]
[Round "4"]
[White "ADDURI, MANSI:K03-17004388"]
[Black "LAKSHMANAN, KARTHIK:K05-17329162"]
[Result "0-1"]
[ICCResult "White forfeits on time"]
[WhiteElo "1400"]
[BlackElo "1400"]
[Opening "Giuoco Pianissimo: Italian four knights variation"]
[ECO "C47"]
[NIC "KP.06"]
[Time "19:15:57"]
[PlyCount "48"]
[TimeControl "180+2"]

1. e4 e5 2. Nf3 Nc6 3. Nc3 Nf6 4. Bc4 Bc5 5. d3 h6 6. O-O O-O 7. a3 a6 8.
b4 Ba7 9. Nd5 d6 10. h3 Be6 11. Qe2 b5 12. Bb3 Bxd5 13. exd5 Nd4 14. Ba2
Nxe2+ 15. Kh1 Nc3 16. Bb3 Nfxd5 17. Bb2 Qf6 18. Nd2 Qg5 19. Bxd5 Nxd5 20.
Ne4 Qf5 21. Ng3 Qg6 22. Ne4 Nf4 23. Rg1 Qh5 24. Ng3 Qh4 { White forfeits on
time } 0-1

[Event "ICC tourney 2552 (3 2)"]
[Site "Internet Chess Club"]
[Date "2021.05.07"]
[Round "4"]
[White "MUKHERJEE, SATHVIK:K03-30065329"]
[Black "PETRELLA, GERARD:K06-16109800"]
[Result "0-1"]
[ICCResult "White checkmated"]
[WhiteElo "1400"]
[BlackElo "1400"]
[Opening "Four knights: Spanish variation"]
[ECO "C48"]
[NIC "KP.03"]
[Time "19:15:29"]
[PlyCount "50"]
[TimeControl "180+2"]

1. e4 e5 2. Nf3 Nc6 3. Nc3 Nf6 4. Bb5 d6 5. Bc4 Be7 6. O-O O-O 7. h3 h6 8.
d3 Be6 9. Bxe6 fxe6 10. Re1 Qd7 11. Be3 Nh5 12. a3 Nf4 13. Ne2 Nxh3+ 14.
gxh3 Rxf3 15. Kg2 Raf8 16. Ng3 Nd4 17. c3 Nc6 18. Rf1 Bh4 19. Qe2 Qf7 20.
Rad1 Qg6 21. Kh2 Bxg3+ 22. fxg3 Qxg3+ 23. Kh1 Qxh3+ 24. Kg1 Rg3+ 25. Qg2
Qxg2# { White checkmated } 0-1

[Event "ICC tourney 2552 (3 2)"]
[Site "Internet Chess Club"]
[Date "2021.05.07"]
[Round "4"]
[White "RUMASUGLIA, MATTIA:K03-17274918"]
[Black "MANTRI, RISHITHA:K06-16467257"]
[Result "1-0"]
[ICCResult "Black checkmated"]
[WhiteElo "1400"]
[BlackElo "1400"]
[Opening "Danish gambit"]
[ECO "C21"]
[NIC "KP.04"]
[Time "19:15:37"]
[PlyCount "51"]
[TimeControl "180+2"]

1. e4 e5 2. d4 exd4 3. c3 dxc3 4. Nxc3 Nf6 5. Bc4 Nc6 6. Nf3 Bc5 7. O-O O-O
8. e5 Ng4 9. Ng5 Ngxe5 10. Qh5 h6 11. Nge4 Nxc4 12. Nxc5 d6 13. N5e4 Be6
14. Bxh6 gxh6 15. Qxh6 f6 16. b3 N4e5 17. f4 Nd3 18. Qg6+ Kh8 19. f5 Bf7
20. Qh6+ Kg8 21. Nxf6+ Qxf6 22. Qxf6 Rae8 23. Rf3 Nde5 24. Rg3+ Kh7 25.
Rg7+ Kh8 26. Qh6# { Black checkmated } 1-0

[Event "ICC tourney 2552 (3 2)"]
[Site "Internet Chess Club"]
[Date "2021.05.07"]
[Round "4"]
[White "MANIMARAN, SHIVANI:K05-16614018"]
[Black "ZISHUN CHEN, ALAN:K03-17350156"]
[Result "0-1"]
[ICCResult "White checkmated"]
[WhiteElo "1400"]
[BlackElo "1517"]
[Opening "Petrov's defense"]
[ECO "C42"]
[NIC "RG.03"]
[Time "19:16:17"]
[PlyCount "58"]
[TimeControl "180+2"]

1. e4 e5 2. Nf3 Nf6 3. Nxe5 Nc6 4. Nxc6 dxc6 5. Nc3 Bc5 6. d3 Ng4 7. Qf3
Nxf2 8. Rg1 Bg4 9. Qg3 Nh3 10. gxh3 Bxg1 11. hxg4 Bb6 12. Qe5+ Qe7 13. Qxg7
O-O-O 14. Bg5 Qc5 15. O-O-O Rdg8 16. Qf6 Qxg5+ 17. Qxg5 Rxg5 18. h3 Rd8 19.
Re1 Re5 20. Ne2 Be3+ 21. Kb1 Rb5 22. Nc3 Bd2 23. Nxb5 Bxe1 24. Na3 Rd6 25.
Nc4 Rf6 26. Bg2 Bh4 27. Ne5 Rf2 28. Bf3 Rf1+ 29. Bd1 Rxd1# { White
checkmated } 0-1

[Event "ICC tourney 2552 (3 2)"]
[Site "Internet Chess Club"]
[Date "2021.05.07"]
[Round "4"]
[White "D LEVY, SOLOMON:K03-30045580"]
[Black "MCPHETERS, DYLAN:K06-30151662"]
[Result "0-1"]
[ICCResult "White resigns"]
[WhiteElo "1400"]
[BlackElo "1400"]
[Opening "King's pawn game"]
[ECO "C50"]
[NIC "IG.03"]
[Time "19:15:37"]
[PlyCount "90"]
[TimeControl "180+2"]

1. e4 e5 2. Nf3 Nc6 3. Bc4 d6 4. d3 Nf6 5. Ng5 Be6 6. Bxe6 fxe6 7. Nxe6 Qe7
8. Nxf8 Qxf8 9. O-O O-O-O 10. Be3 d5 11. Qf3 dxe4 12. dxe4 Nd7 13. Nc3 Qxf3
14. gxf3 Nf6 15. Rad1 Nb4 16. Bxa7 b6 17. Rxd8+ Rxd8 18. Rd1 Rxd1+ 19. Nxd1
Kb7 20. Bxb6 cxb6 21. Nc3 Nxc2 22. Nd5 Nxd5 23. exd5 Nb4 24. Kg2 Nxd5 25.
Kg3 Kc6 26. Kg4 Kd6 27. Kf5 Ne7+ 28. Kg5 h6+ 29. Kh5 Ke6 30. h4 Nf5 31. Kg6
Nxh4+ 32. Kxg7 Nxf3 33. Kxh6 Kf5 34. Kg7 Kf4 35. Kf7 Kg4 36. Ke7 Kh3 37.
Kd6 Kg2 38. Kc6 Kxf2 39. Kxb6 e4 40. a4 Nd2 41. a5 e3 42. a6 e2 43. a7 e1=Q
44. a8=Q Qe3+ 45. Kc6 Qe4+ { White resigns } 0-1

[Event "ICC tourney 2552 (3 2)"]
[Site "Internet Chess Club"]
[Date "2021.05.07"]
[Round "4"]
[White "LIANG, JOEY:K03-17280755"]
[Black "SAHU, ANAY:K05-30166348"]
[Result "1-0"]
[ICCResult "Black checkmated"]
[WhiteElo "1400"]
[BlackElo "1400"]
[Opening "Giuoco Piano"]
[ECO "C54"]
[NIC "IG.02"]
[Time "19:15:44"]
[PlyCount "69"]
[TimeControl "180+2"]

1. e4 e5 2. Nf3 Nc6 3. Bc4 Bc5 4. c3 Nf6 5. d4 exd4 6. cxd4 Bb4+ 7. Bd2
Bxd2+ 8. Nbxd2 O-O 9. O-O Re8 10. Re1 b6 11. e5 Nh5 12. Ng5 Qxg5 13. Ne4
Qd8 14. Qxh5 Nxd4 15. Bxf7+ Kf8 16. Bxe8 Qxe8 17. Qxe8+ Kxe8 18. Rac1 c6
19. Nd6+ Kf8 20. Re4 c5 21. Rf4+ Kg8 22. Kf1 Ne6 23. Rf3 Bb7 24. Nxb7 Rb8
25. Nd6 Nd4 26. Rf4 a5 27. Rc3 Ne6 28. Rf7 Rf8 29. Rxf8+ Kxf8 30. Rf3+ Ke7
31. Rf7+ Kd8 32. f4 Nxf4 33. Rxf4 g5 34. Rf8+ Ke7 35. Re8# { Black
checkmated } 1-0

[Event "ICC tourney 2552 (3 2)"]
[Site "Internet Chess Club"]
[Date "2021.05.07"]
[Round "4"]
[White "OSCAR LI, JINGTU:K05-16113408"]
[Black "GRACE KINNEY, ELLA:K06-16939048"]
[Result "0-1"]
[ICCResult "White resigns"]
[WhiteElo "1400"]
[BlackElo "1400"]
[Opening "Queen's gambit declined"]
[ECO "D30"]
[NIC "QP.08"]
[Time "19:15:57"]
[PlyCount "62"]
[TimeControl "180+2"]

1. d4 d5 2. c4 e6 3. Nf3 Nf6 4. e3 c5 5. cxd5 exd5 6. Bd3 c4 7. Bc2 Bb4+ 8.
Nc3 O-O 9. O-O Nc6 10. h3 Be6 11. a3 Ba5 12. Bd2 a6 13. Na2 Bxd2 14. Qxd2
Re8 15. Nc3 b5 16. Rfd1 h6 17. Ne5 Qc7 18. Nxc6 Qxc6 19. Rac1 a5 20. b3 b4
21. axb4 axb4 22. Na4 c3 23. Qe2 Ne4 24. Bxe4 dxe4 25. Nc5 Bd5 26. Ra1 Rxa1
27. Rxa1 Ra8 28. Rxa8+ Qxa8 29. Qc2 Qa1+ 30. Kh2 Qb2 31. Qe2 Qxe2 { White
resigns } 0-1

[Event "ICC tourney 2552 (3 2)"]
[Site "Internet Chess Club"]
[Date "2021.05.07"]
[Round "4"]
[White "STAMOS, NICOLAS:K01-30168054"]
[Black "PATEL, DARSH:K05-16084348"]
[Result "1-0"]
[ICCResult "Black forfeits on time"]
[WhiteElo "1400"]
[BlackElo "1400"]
[Opening "Queen's pawn: Lundin (Kevitz-Mikenas) defense"]
[ECO "A40"]
[NIC "QO.17"]
[Time "19:15:44"]
[PlyCount "49"]
[TimeControl "180+2"]

1. d4 Nc6 2. d5 Nb4 3. c3 Nxd5 4. Qxd5 e6 5. Qd1 Nf6 6. Qc2 b6 7. e4 Bb7 8.
e5 Ng4 9. f3 Nxe5 10. f4 Nc6 11. g4 h5 12. gxh5 Rxh5 13. Be2 Qh4+ 14. Kd1
Rd5+ 15. Bd2 Qxf4 16. Nh3 Qg4 17. Bxg4 f5 18. Bf3 Rd6 19. b4 Ne5 20. Ke1
Nxf3+ 21. Ke2 Ne5 22. Bf4 Bxh1 23. Bxe5 Rd5 24. Bxc7 Rc8 25. c4 { Black
forfeits on time } 1-0

[Event "ICC tourney 2552 (3 2)"]
[Site "Internet Chess Club"]
[Date "2021.05.07"]
[Round "4"]
[White "CHAN, ARTHUR:K05-30015869"]
[Black "LIU, YUHAN:K01-30045742"]
[Result "1-0"]
[ICCResult "Black forfeits on time"]
[WhiteElo "1400"]
[BlackElo "1400"]
[Opening "QGD: Marshall defense"]
[ECO "D06"]
[NIC "QP.08"]
[Time "19:16:27"]
[PlyCount "53"]
[TimeControl "180+2"]

1. d4 d5 2. c4 Nf6 3. Nc3 Bg4 4. Bf4 Nc6 5. h3 Bf5 6. e3 e6 7. Nf3 Bb4 8.
Rc1 O-O 9. a3 Ba5 10. b4 Bb6 11. c5 Bxc5 12. bxc5 b6 13. Bb5 Qd7 14. Ne5 a6
15. Bxc6 Qe7 16. Bxa8 Rxa8 17. Nc6 Qd7 18. Ne5 Qe7 19. Na2 Re8 20. Nb4 Rc8
21. Nbc6 Qe8 22. Na7 Rb8 23. cxb6 cxb6 24. Nac6 Rc8 25. Ne7+ Kh8 26. Rxc8
Qxc8 27. Nxc8 { Black forfeits on time } 1-0

[Event "ICC tourney 2552 (3 2)"]
[Site "Internet Chess Club"]
[Date "2021.05.07"]
[Round "4"]
[White "CONWAY, RANSOM:K03-30165293"]
[Black "W ZHANG, ETHAN:K05-17088714"]
[Result "0-1"]
[ICCResult "White checkmated"]
[WhiteElo "1400"]
[BlackElo "1400"]
[Opening "Sicilian: Scheveningen variation"]
[ECO "B80"]
[NIC "SI.19"]
[Time "19:15:16"]
[PlyCount "106"]
[TimeControl "180+2"]

1. e4 c5 2. Nf3 d6 3. d4 cxd4 4. Nxd4 Nf6 5. Nc3 e6 6. Nf3 Nc6 7. Bd3 Be7
8. O-O O-O 9. Be3 b6 10. Qd2 Bb7 11. Rad1 Qd7 12. Rfe1 Rad8 13. Be2 Rfe8
14. b3 Na5 15. e5 dxe5 16. Qxd7 Rxd7 17. Rxd7 Nxd7 18. Rd1 Bxf3 19. Bxf3
Nf6 20. Bg5 h6 21. Bxf6 Bxf6 22. Bc6 Rc8 23. Bf3 Rxc3 24. Rd7 Rxc2 25. h3
Rxa2 26. Rxa7 Ra1+ 27. Kh2 Nxb3 28. Rb7 Nd2 29. Rxb6 Nxf3+ 30. gxf3 Ra2 31.
Kg2 Bh4 32. Rb8+ Kh7 33. Rc8 Rxf2+ 34. Kh1 Rxf3 35. Rc7 Rxh3+ 36. Kg1 e4
37. Rxf7 e3 38. Kg2 Rg3+ 39. Kf1 Kg6 40. Rf3 Rxf3+ 41. Ke2 Rf2+ 42. Kxe3
Kf5 43. Kd3 Bg5 44. Kd4 Bf6+ 45. Ke3 Rf4 46. Ke2 h5 47. Kd3 h4 48. Ke2 h3
49. Kd3 h2 50. Ke2 h1=Q 51. Kd3 Qh3+ 52. Kd2 Rf2+ 53. Ke1 Qf1# { White
checkmated } 0-1

[Event "ICC tourney 2552 (3 2)"]
[Site "Internet Chess Club"]
[Date "2021.05.07"]
[Round "4"]
[White "VEMULA, MANVITH:K01-30172472"]
[Black "TURAEV, MALIK:K03-30017655"]
[Result "0-1"]
[ICCResult "White forfeits on time"]
[WhiteElo "1269"]
[BlackElo "1400"]
[Opening "Sicilian defense"]
[ECO "B30"]
[NIC "SI.31"]
[Time "19:15:57"]
[PlyCount "50"]
[TimeControl "180+2"]

1. e4 c5 2. Nf3 Nc6 3. Nc3 e5 4. Ng5 Qxg5 5. d4 Qe7 6. dxc5 Qxc5 7. Na4
Qa5+ 8. Nc3 Bb4 9. Bd2 Nf6 10. Bc4 O-O 11. O-O d6 12. Bg5 Bxc3 13. bxc3
Qxc3 14. Bd3 Bg4 15. Qc1 Nd4 16. Bd2 Qc8 17. c4 Be2 18. Re1 Bxd3 19. Qa3
Ne2+ 20. Kh1 Qxc4 21. Qxd6 Nxe4 22. Qxe5 Nxd2 23. Rad1 Qc2 24. Qe3 Rfe8 25.
Qf4 Nxf4 { White forfeits on time } 0-1

[Event "ICC tourney 2552 (3 2)"]
[Site "Internet Chess Club"]
[Date "2021.05.07"]
[Round "4"]
[White "WU, TERRAIN:K01-30135638"]
[Black "SCOLLON, OWEN:K05-17108421"]
[Result "0-1"]
[ICCResult "White forfeits on time"]
[WhiteElo "1400"]
[BlackElo "1400"]
[Opening "QGD"]
[ECO "D51"]
[NIC "QO.16"]
[Time "19:15:30"]
[PlyCount "42"]
[TimeControl "180+2"]

1. d4 d5 2. c4 e6 3. Nc3 Nf6 4. Bg5 Nbd7 5. e3 h6 6. Bh4 Bb4 7. Nf3 c5 8.
Ne5 cxd4 9. exd4 Qa5 10. Qc2 Nxe5 11. dxe5 d4 12. exf6 dxc3 13. b3 g5 14.
Bg3 e5 15. Bd3 Bg4 16. h3 Be6 17. O-O Ba3 18. Rfe1 Bb2 19. Rad1 O-O-O 20.
Rxe5 Qxa2 21. Rc5+ Kd7 { White forfeits on time } 0-1

[Event "ICC tourney 2552 (3 2)"]
[Site "Internet Chess Club"]
[Date "2021.05.07"]
[Round "4"]
[White "SINGH, JIYAN:K03-16360523"]
[Black "ENMING LIN, BRYAN:K05-30020975"]
[Result "0-1"]
[ICCResult "White forfeits on time"]
[WhiteElo "1400"]
[BlackElo "1400"]
[Opening "Scandinavian (center counter) defense"]
[ECO "B01"]
[NIC "SD.01"]
[Time "19:16:17"]
[PlyCount "52"]
[TimeControl "180+2"]

1. e4 d5 2. exd5 Qxd5 3. Nc3 Qa5 4. Nf3 Nf6 5. Bc4 e6 6. d4 c6 7. O-O Bd6
8. Bd2 Qc7 9. Re1 Nbd7 10. d5 cxd5 11. Bxd5 O-O 12. Bb3 a6 13. Ba4 b5 14.
Bb3 Bb7 15. Qe2 Rfc8 16. Rad1 Nb6 17. Bg5 Be7 18. Bxf6 Bxf6 19. Qd3 Bxc3
20. bxc3 Qxc3 21. Qxc3 Rxc3 22. Bxe6 fxe6 23. Rxe6 Nc4 24. Re7 Bxf3 25.
gxf3 Nb6 26. Rb7 Rc6 { White forfeits on time } 0-1

[Event "ICC tourney 2552 (3 2)"]
[Site "Internet Chess Club"]
[Date "2021.05.07"]
[Round "4"]
[White "PARHAR, VIVAAN:K05-16000954"]
[Black "M TAHER, MIKAEEL:K06-30143633"]
[Result "0-1"]
[ICCResult "White checkmated"]
[WhiteElo "1400"]
[BlackElo "1400"]
[Opening "Giuoco Pianissimo"]
[ECO "C50"]
[NIC "IG.02"]
[Time "19:15:17"]
[PlyCount "136"]
[TimeControl "180+2"]

1. e4 e5 2. Nf3 Nc6 3. Bc4 Bc5 4. d3 Nf6 5. c3 O-O 6. O-O d6 7. Bg5 Be6 8.
Bxe6 fxe6 9. h3 d5 10. exd5 exd5 11. Nbd2 h6 12. Bh4 Qd6 13. Bg3 Qe6 14.
Nb3 Bb6 15. Re1 e4 16. dxe4 dxe4 17. Nfd4 Nxd4 18. Nxd4 Bxd4 19. cxd4 c6
20. f3 Qf7 21. fxe4 Rae8 22. e5 Nd5 23. Rf1 Qd7 24. Rxf8+ Rxf8 25. Qe2 Nf4
26. Bxf4 Rxf4 27. e6 Qxd4+ 28. Kh1 Re4 29. Qf3 Rxe6 30. Rf1 Rf6 31. Qe2
Rxf1+ 32. Qxf1 Qxb2 33. Kh2 Qxa2 34. Qf3 Qf7 35. Qa3 a6 36. Qa5 Qf4+ 37.
Kh1 Qc1+ 38. Kh2 Qb2 39. Qd8+ Kh7 40. Qd3+ g6 41. Qd7+ Qg7 42. Qg4 h5 43.
Qh4 b5 44. g4 Qb2+ 45. Kg3 Qc1 46. gxh5 Qe1+ 47. Kg4 Qxh4+ 48. Kxh4 gxh5
49. Kxh5 a5 50. h4 a4 51. Kg5 a3 52. h5 b4 53. h6 c5 54. Kh5 c4 55. Kg5 c3
56. Kh5 b3 57. Kg5 b2 58. Kf6 c2 59. Kf7 b1=Q 60. Kf8 c1=Q 61. Ke8 Qb8+ 62.
Ke7 Qcc7+ 63. Ke6 Qbb6+ 64. Kd5 Qbd6+ 65. Ke4 Qce7+ 66. Kf3 Qdf6+ 67. Kg4
Qe4+ 68. Kh5 Qff5# { White checkmated } 0-1

[Event "ICC tourney 2552 (3 2)"]
[Site "Internet Chess Club"]
[Date "2021.05.07"]
[Round "4"]
[White "PARIKH, PARV:K01-30065214"]
[Black "SINGHAL, MEENAKSHI:K05-16551160"]
[Result "0-1"]
[ICCResult "White resigns"]
[WhiteElo "1054"]
[BlackElo "1400"]
[Opening "Giuoco Pianissimo: Italian four knights variation"]
[ECO "C28"]
[NIC "VG.02"]
[Time "19:16:17"]
[PlyCount "76"]
[TimeControl "180+2"]

1. e4 e5 2. Nc3 Nf6 3. Bc4 Nc6 4. d3 Bc5 5. Nf3 O-O 6. h3 d6 7. O-O Nh5 8.
Bg5 Nf6 9. Nd5 h6 10. Nxf6+ gxf6 11. Bxh6 Re8 12. Nd2 f5 13. exf5 Qf6 14.
Qg4+ Kh8 15. Ne4 Qxh6 16. Bxf7 Rf8 17. Nxc5 Rxf7 18. Ne6 Bxe6 19. fxe6 Re7
20. Rad1 Rxe6 21. Rfe1 Rg6 22. Qf5 Rf6 23. Qd7 Rd8 24. Qxc7 Rb8 25. Re3 Rg6
26. Rg3 Rbg8 27. Rxg6 Rxg6 28. Qxb7 Nd4 29. Qa8+ Kh7 30. Qxa7+ Kg8 31. Qa8+
Kg7 32. Qb7+ Kf8 33. Qc8+ Ke7 34. Qc7+ Ke8 35. Qxd6 Rxd6 36. c4 Qg5 37. f4
Qxf4 38. Rf1 Qg3 { White resigns } 0-1

[Event "ICC tourney 2552 (3 2)"]
[Site "Internet Chess Club"]
[Date "2021.05.07"]
[Round "4"]
[White "BIRUDAVOLU, SATHVIK:K01-17230292"]
[Black "GALLEGE, REHAN:K05-16946930"]
[Result "0-1"]
[ICCResult "White forfeits on time"]
[WhiteElo "1400"]
[BlackElo "1400"]
[Opening "French defense"]
[ECO "C00"]
[NIC "FR.01"]
[Time "19:16:17"]
[PlyCount "36"]
[TimeControl "180+2"]

1. e4 e6 2. Bc4 d5 3. exd5 exd5 4. Bb3 Nf6 5. Nf3 Bd6 6. O-O O-O 7. d3 Be6
8. Bh6 gxh6 9. Qc1 Kg7 10. h3 Nbd7 11. Nh2 Bxh2+ 12. Kxh2 Ne5 13. Qf4 Ng6
14. Qd2 Qd6+ 15. Kg1 d4 16. Bxe6 Qxe6 17. Na3 c6 18. Rfe1 Qd7 { White
forfeits on time } 0-1

[Event "ICC tourney 2552 (3 2)"]
[Site "Internet Chess Club"]
[Date "2021.05.07"]
[Round "4"]
[White "DEVARAJ, SIRI:K05-16369654"]
[Black "LOVELADY, CARTER:K06-16846308"]
[Result "1-0"]
[ICCResult "Black resigns"]
[WhiteElo "1400"]
[BlackElo "1243"]
[Opening "French: advance, Paulsen attack"]
[ECO "C00"]
[NIC "FR.01"]
[Time "19:15:32"]
[PlyCount "99"]
[TimeControl "180+2"]

1. e4 e6 2. Nf3 d5 3. e5 c5 4. c3 Nc6 5. d4 cxd4 6. cxd4 Nge7 7. Be3 Nf5 8.
Bg5 Be7 9. Bxe7 Ncxe7 10. Nc3 O-O 11. Be2 b6 12. O-O a5 13. Nb5 Ba6 14. Nd6
Bxe2 15. Qxe2 Nxd6 16. exd6 Qxd6 17. Ne5 Ng6 18. Ng4 f5 19. Ne5 Nxe5 20.
dxe5 Qc7 21. f4 Rad8 22. Rac1 Qb7 23. Rfd1 b5 24. b3 Qb6+ 25. Kh1 a4 26.
Qd3 axb3 27. axb3 g6 28. b4 Rc8 29. g3 Rxc1 30. Rxc1 Rb8 31. Rc5 Kg7 32.
Qc3 Qb7 33. Rc7+ Kh6 34. Rxb7 Rxb7 35. Qc6 Ra7 36. Qxb5 Ra1+ 37. Kg2 Ra2+
38. Kh3 g5 39. fxg5+ Kxg5 40. Qd3 Ra4 41. Qe3+ Kg6 42. b5 d4 43. Qd3 Rb4
44. g4 Kg5 45. gxf5 exf5 46. Qd2+ f4 47. Qxb4 Kf5 48. Qxd4 h5 49. e6 Kxe6
50. Qxf4 { Black resigns } 1-0

[Event "ICC tourney 2552 (3 2)"]
[Site "Internet Chess Club"]
[Date "2021.05.07"]
[Round "4"]
[White "NITIN PATIL, AARADHYA:K03-17349055"]
[Black "KIRILOV SAKALIYSKI, CHRISTOPHER:K05-16115040"]
[Result "1-0"]
[ICCResult "Black forfeits on time"]
[WhiteElo "1253"]
[BlackElo "1400"]
[Opening "Pirc: classical (two knights) system"]
[ECO "B07"]
[NIC "PU.10"]
[Time "19:15:17"]
[PlyCount "55"]
[TimeControl "180+2"]

1. e4 d6 2. d4 g6 3. Nf3 Bg7 4. Nc3 Nf6 5. Bc4 O-O 6. O-O Nc6 7. Bf4 Bg4 8.
h3 Bxf3 9. Qxf3 Nxd4 10. Qd1 e5 11. Bg5 h6 12. Bh4 g5 13. Bg3 Nh5 14. Qxh5
Nxc2 15. Rac1 Nd4 16. Rfd1 c6 17. a3 b5 18. Be2 a5 19. Qg4 Rc8 20. Bf3 b4
21. axb4 axb4 22. Ne2 c5 23. Kh1 c4 24. Qh5 Ne6 25. Bg4 Rc7 26. Bxe6 fxe6
27. Bh2 Rxf2 28. Rf1 { Black forfeits on time } 1-0

[Event "ICC tourney 2552 (3 2)"]
[Site "Internet Chess Club"]
[Date "2021.05.07"]
[Round "4"]
[White "HUAN LIANG, ERIC:K03-30067885"]
[Black "MANTRI, SIDHARTH:K05-16467263"]
[Result "1-0"]
[ICCResult "Black checkmated"]
[WhiteElo "1233"]
[BlackElo "1400"]
[Opening "Petrov's defense"]
[ECO "C42"]
[NIC "RG.03"]
[Time "19:15:33"]
[PlyCount "165"]
[TimeControl "180+2"]

1. e4 e5 2. Nf3 Nf6 3. Nxe5 Nc6 4. Nxc6 dxc6 5. d3 Bc5 6. Be3 Bxe3 7. fxe3
Nxe4 8. dxe4 Qh4+ 9. g3 Qxe4 10. Rg1 Qxe3+ 11. Qe2 Qxe2+ 12. Bxe2 O-O 13.
Nc3 Re8 14. O-O-O Bf5 15. Rge1 Red8 16. Bc4 Bg4 17. Be2 Bxe2 18. Nxe2 Kf8
19. Rxd8+ Rxd8 20. Rd1 Rxd1+ 21. Kxd1 Ke7 22. Kd2 Kd6 23. Kd3 Kd5 24. c4+
Kc5 25. a3 b5 26. b4+ Kb6 27. c5+ Ka6 28. Nd4 Kb7 29. Nf5 g6 30. Ne7 a6 31.
h4 h6 32. g4 Kb8 33. Nxc6+ Kc8 34. Ne7+ Kd7 35. Nd5 c6 36. Nb6+ Ke6 37. Nc8
Ke5 38. Ne7 Kf4 39. Ke2 Kxg4 40. Nxc6 f5 41. Ne5+ Kf4 42. Nxg6+ Kg4 43. c6
f4 44. c7 Kg3 45. Nxf4 Kxf4 46. c8=Q Ke5 47. h5 Kd6 48. Kf3 Ke7 49. Kf4 Kf7
50. Kf5 Kg7 51. Ke6 Kh7 52. Ke7 a5 53. Qc2+ Kg8 54. Ke8 a4 55. Qg6+ Kh8 56.
Qxh6+ Kg8 57. Kd7 Kf7 58. Qe6+ Kg7 59. h6+ Kh7 60. Ke7 Kh8 61. Kd6 Kh7 62.
Kc5 Kh8 63. Kxb5 Kh7 64. Kxa4 Kh8 65. b5 Kh7 66. b6 Kh8 67. b7 Kh7 68. Qg8+
Kxh6 69. Qh7+ Kxh7 70. b8=R Kg7 71. Kb5 Kf7 72. a4 Ke7 73. a5 Kd7 74. a6
Kc7 75. Rb6 Kc8 76. a7 Kc7 77. Rh6 Kb7 78. a8=Q+ Kxa8 79. Rb6 Ka7 80. Kc6
Ka8 81. Kc7 Ka7 82. Rh6 Ka8 83. Ra6# { Black checkmated } 1-0

[Event "ICC tourney 2552 (3 2)"]
[Site "Internet Chess Club"]
[Date "2021.05.07"]
[Round "4"]
[White "EUGENE DUNIKOV, DAVID:K03-16736200"]
[Black "SAI POTHURI, ABHIRAM:K06-15560780"]
[Result "1-0"]
[ICCResult "Black checkmated"]
[WhiteElo "1400"]
[BlackElo "1400"]
[Opening "Sicilian defense"]
[ECO "B33"]
[NIC "SI.34"]
[Time "19:15:13"]
[PlyCount "145"]
[TimeControl "180+2"]

1. e4 c5 2. Nf3 Nc6 3. d4 cxd4 4. Nxd4 Nf6 5. Nc3 h5 6. Nxc6 bxc6 7. Bc4 e6
8. O-O d5 9. exd5 cxd5 10. Bb5+ Bd7 11. Bxd7+ Qxd7 12. Bg5 Bd6 13. Bxf6
gxf6 14. Qf3 f5 15. Rfe1 Kf8 16. Rad1 Be7 17. Ne2 Rc8 18. c3 h4 19. Nd4 h3
20. gxh3 Bd6 21. Re2 f4 22. Red2 e5 23. Qxd5 exd4 24. Rxd4 Rxh3 25. Qxd6+
Qxd6 26. Rxd6 Rc7 27. R1d3 Rh5 28. Rf3 Ke7 29. Rd4 Rg5+ 30. Kf1 Rb7 31. b3
Rc7 32. Rdxf4 f6 33. Rxf6 Rh5 34. Rf7+ Kd6 35. R3f6+ Ke5 36. Rxc7 Kxf6 37.
Rxa7 Rxh2 38. b4 Ke6 39. c4 Kd6 40. Ra3 Rh4 41. Rc3 Kc6 42. Ke2 Re4+ 43.
Kf3 Rh4 44. Kg3 Rd4 45. f4 Rd2 46. a4 Ra2 47. a5 Ra1 48. f5 Rf1 49. Kg4
Rg1+ 50. Kh5 Rh1+ 51. Kg4 Rg1+ 52. Rg3 Rf1 53. Kg5 Rc1 54. f6 Rf1 55. Rg4
Kd7 56. Rf4 Rg1+ 57. Rg4 Rf1 58. a6 Ke6 59. a7 Ra1 60. Re4+ Kf7 61. Re7+
Kf8 62. b5 Rg1+ 63. Kh4 Rh1+ 64. Kg3 Rg1+ 65. Kh2 Ra1 66. b6 Ra2+ 67. Kg3
Ra3+ 68. Kf4 Ra4 69. b7 Rxc4+ 70. Ke5 Rc5+ 71. Kd6 Rc6+ 72. Kxc6 Kg8 73.
b8=Q# { Black checkmated } 1-0

[Event "ICC tourney 2552 (3 2)"]
[Site "Internet Chess Club"]
[Date "2021.05.07"]
[Round "4"]
[White "LI, ALBERT:K01-30047481"]
[Black "SARANGI, SHREYAN:K05-17058212"]
[Result "1-0"]
[ICCResult "Black resigns"]
[WhiteElo "1400"]
[BlackElo "1400"]
[Opening "Sicilian defense"]
[ECO "B40"]
[NIC "SI.43"]
[Time "19:16:57"]
[PlyCount "87"]
[TimeControl "180+2"]

1. e4 c5 2. Nf3 e6 3. c3 d5 4. exd5 exd5 5. Bb5+ Nc6 6. Qe2+ Be7 7. Ne5 Qc7
8. d3 a6 9. Bxc6+ bxc6 10. Bf4 Nf6 11. Ng6 Qd7 12. Nxh8 Bb7 13. Nd2 Kf8 14.
Nf3 Kg8 15. Nxf7 Qe8 16. N7e5 Nh5 17. Qe3 Nxf4 18. Qxf4 Bf6 19. d4 cxd4 20.
cxd4 c5 21. O-O cxd4 22. Rfe1 Rd8 23. Rad1 Qf8 24. Qg4 Bc8 25. Qg3 Bf5 26.
Ng4 Be7 27. Rxd4 Bc5 28. Rdd1 Be4 29. h3 h5 30. Ngh2 Rd6 31. a3 Rg6 32. Qe5
Bxf3 33. Nxf3 Qxf3 34. Qe8+ Qf8 35. Qxg6 Qxf2+ 36. Kh1 Bf8 37. Qxh5 d4 38.
Qd5+ Kh8 39. Qxd4 Qf7 40. Qh4+ Kg8 41. Rf1 Qe8 42. Rde1 Qc8 43. Qf4 a5 44.
Qf7+ { Black resigns } 1-0